 Dungeon Crawl Stone Soup version 0.20.1-1-g8b1a95d (webtiles) character file.

115 dohliylev the Sneak (level 4, 0/33 HPs)
             Began as a Vampire Assassin on Dec 3, 2017.
             Slain by an adder (2 damage)
             ... on level 4 of the Dungeon.
             The game lasted 00:07:46 (1558 turns).

dohliylev the Sneak (Vampire Assassin)              Turns: 1558, Time: 00:07:47

Health: 0/33       AC:  4    Str: 12    XL:     4   Next: 68%
Magic:  4/4        EV: 13    Int: 13    God:
Gold:   215        SH:  0    Dex: 16    Spells: 3/3 levels left

rFire    + . .     SeeInvis +   a - +2 dagger
rCold    . . .     Gourm    .   (no shield)
rNeg     . . .     Faith    .   c - +0 robe
rPois    .         Spirit   .   (no helmet)
rElec    .         Reflect  .   d - +0 cloak
rCorr    .         Harm     .   t - +0 pair of gloves
MR       .....                  (no boots)
Stlth    ++++......             (no amulet)
Regen    0.4/turn               p - +2 ring of strength
MPRegen  0.1/turn               s - ring of protection from fire

@: lethally poisoned (0 -> -1), regenerating quickly
A: fangs 3, see invisible, unbreathing
a: no special abilities


You were on level 4 of the Dungeon.
You were very full.

You visited 1 branch of the dungeon, and saw 4 of its levels.

You collected 215 gold pieces.

Inventory:

Hand Weapons
 a - a +2 dagger (weapon)
 b - a +0 blowgun
Missiles
 e - 7 poisoned needles
 f - 2 curare-tipped needles
Armour
 c - a +0 robe (worn)
 d - a +0 cloak (worn)
 t - a +0 pair of gloves (worn)
Jewellery
 p - a +2 ring of strength (left hand)
 s - a ring of protection from fire (right hand)
Scrolls
 i - a scroll of immolation {unknown}
 j - 2 scrolls of identify {unknown}
 k - 2 scrolls of fear {unknown}
 l - 3 scrolls of teleportation {unknown}
 n - a scroll of enchant armour {unknown}
 o - 2 scrolls of remove curse {unknown}
 u - a scroll of fog {unknown}
 v - a scroll of amnesia {unknown}
Potions
 g - 18 potions of blood
 h - a potion of berserk rage {unknown}
 m - a potion of lignification {unknown}
 q - a potion of degeneration {unknown}
 r - a potion of curing {unknown}


   Skills:
 + Level 2.2 Fighting
 + Level 3.7 Short Blades
 - Level 1.5 Throwing
 + Level 2.0 Dodging
 + Level 7.3 Stealth


You had 3 spell levels left.
You didn't know any spells.

Dungeon Overview and Level Annotations

Branches:
Dungeon (4/15)
 Temple: D:4-7

Altars:
Ashenzari
Gozag


Innate Abilities, Weirdness & Mutations

Your natural rate of healing is unusually fast.
You have razor-sharp teeth.
You have supernaturally acute eyesight. (SInv)
You can survive without breathing.


Message History

The adder hisses angrily.
Found a scroll labeled HATYVACAPT and a leatherbound book.
There is a stone staircase leading up here.
An adder is nearby!
You completely miss the adder. The adder bites you.
* * * LOW HITPOINT WARNING * * *
You are poisoned.
The adder poisons you!
You closely miss the adder.
You feel sick. The adder closely misses you.
You hit the adder.
The adder is moderately wounded.
The adder closely misses you.
You hit the adder.
The adder is moderately wounded.
The adder bites you.
* * * LOW HITPOINT WARNING * * *
You barely miss the adder.
The adder is moderately wounded.
The adder bites you.
You die...

###########
#.........####
##.............
#.?...<........
#.......@.......
#........S......
##..............
######.:....###
########


You could see an adder.

Vanquished Creatures
  An adder (D:1)
  An ooze (D:1)
  5 worms (D:2)
  6 dart slugs
  2 leopard geckos (D:1)
  A ball python (D:1)
  12 bats
  2 giant cockroaches
  7 goblins
  5 hobgoblins
  9 jackals
  6 kobolds
  5 frilled lizards
  13 rats
  A fungus (D:1)
76 creatures vanquished.

Notes
Turn   | Place    | Note
-------+----------+-------------------------------------------
     0 | D:1      | dohliylev the Vampire Assassin began the quest for the Orb.
     0 | D:1      | Reached XP level 1. HP: 16/16 MP: 1/1
    43 | D:1      | Reached skill level 6 in Stealth
   131 | D:1      | Reached XP level 2. HP: 19/22 MP: 2/2
   251 | D:1      | Reached XP level 3. HP: 11/27 MP: 3/3
   448 | D:1      | Reached skill level 7 in Stealth
   729 | D:2      | Found an opulent altar of Gozag.
   744 | D:2      | Found a shattered altar of Ashenzari.
   869 | D:2      | Found a faded altar of an unknown god.
   959 | D:1      | Reached XP level 4. HP: 4/33 MP: 4/4
  1557 | D:4      | HP: 1/33 [adder (3)]
  1558 | D:4      | Slain by an adder

Skill      XL: |  1  2  3  4 |
---------------+-------------+-----
Stealth        | 6 7 |  7.3
Fighting       | 2 |  2.2
Short Blades   | 3 |  3.7
Dodging        | 2 |  2.0
Throwing       | |  1.5

Action                   |  1- 3 |  4- 6 || total
-------------------------+-------+-------++-------
Melee: Dagger            |   183 |    98 ||   281
       Bite              |    15 |     7 ||    22
 Fire: Blowgun           |     7 |       ||     7
 Stab: Sleeping          |     7 |     9 ||    16
  Eat: Corpse            |    10 |     3 ||    13
Armor: Robe              |    39 |    18 ||    57
Dodge: Dodged            |   115 |    63 ||   178
